 Dungeon Crawl Stone Soup version 0.30-a0-883-g5ad918d77d (webtiles) character file.

Game seed: 1104062474598141759

95 jasper the Grave Robber (level 4, -1/31 HPs)
             Began as a Demonspawn Necromancer on Mar 16, 2023.
             Succumbed to a scorpion's poison
             ... on level 2 of the Dungeon.
             The game lasted 00:02:29 (1553 turns).

jasper the Grave Robber (Demonspawn Necromancer)    Turns: 1553, Time: 00:02:29

Health: -1/31      AC:  2    Str:  9    XL:     4   Next: 40%
Magic:  3/7        EV: 12    Int: 18    God:
Gold:   135        SH:  0    Dex: 13    Spells: 3/7 levels left

rFire   + . .      SeeInvis .      - Unarmed
rCold   + + .      Faith    .    (no shield)
rNeg    . . .      Spirit   .    a - +0 robe
rPois   +          Reflect  .    (helmet restricted)
rElec   +          Rampage  .    (no cloak)
rCorr   +                        (no gloves)
Will    .....                    (no boots)
Stlth   ++                       (no amulet)
HPRegen 0.25/turn                e - ring of protection from cold
MPRegen 0.10/turn                (no ring)

@: brilliant, lethally poisoned (-1 -> -9), resistant
A: antennae 1, ignite blood 1, demonic touch 1
a: no special abilities


You were on level 2 of the Dungeon.
You visited 1 branch of the dungeon, and saw 2 of its levels.

You collected 135 gold pieces.

Inventory:

Hand Weapons
 g - a +0 sling
Missiles
 f - 4 boomerangs
 h - 6 poisoned darts
Armour
 a - a +0 robe (worn)
Jewellery
 e - a ring of protection from cold (left hand)
 j - a ring of fire
Scrolls
 d - 2 scrolls of magic mapping {unknown}
 k - a scroll of brand weapon {unknown}
 l - a scroll of identify {unknown}


   Skills:
 + Level 0.6 Fighting
 + Level 2.0 Dodging
 - Level 1.7 Stealth
 * Level 1.0 Unarmed Combat
 + Level 2.1 Spellcasting
 - Level 6.0 Necromancy


You had 3 spell levels left.
You knew the following spells:

 Your Spells              Type           Power      Damage    Failure   Level
a - Necrotise             Necr           100%       1d9       1%          1
b - Vampiric Draining     Necr           35%        2d8       4%          3

Your spell library contained the following spells:

 Spells                   Type           Power      Damage    Failure   Level
 Beastly Appendage        Tmut           4%         N/A       19%         1
 Wereblood                Tmut           2%         N/A       26%         2
 Spider Form              Tmut/Pois      2%         N/A       47%         3
 Animate Dead             Necr           35%        N/A       16%         4
 Agony                    Necr           35%        N/A       38%         5


Dungeon Overview and Level Annotations

Branches:
Dungeon (2/15)

Altars:


Innate Abilities, Weirdness & Mutations

You have a pair of small antennae on your head.
Your demonic aura sometimes causes spilled blood to erupt in flames.
Your touch may inflict minor irresistible damage on your foes.


Message History

You feel sick. The scorpion stings you.
* * * LOW HITPOINT WARNING * * *
You are more poisoned.
The scorpion poisons you!
You take 3 damage, and have 5/24 hp.
MP restored: 6
Casting: Necrotise (safe; 1% risk of failure)
Confirm with . or Enter, or press ? or * to list all spells.
The spell is quite dangerous to miscast (5% risk of failure)!
Continue anyway?
Aiming: Vampiric Draining (quite dangerous; 5% risk of failure)
Press: ? - help, Shift-Dir - straight line, f/p - scorpion
Aim: a scorpion (moderately wounded)
You draw life force from the scorpion!
You kill the scorpion!
You feel life coursing into your body.
* * * LOW HITPOINT WARNING * * *
You feel very sick.
Training target 6.0 for Necromancy reached!
Your Necromancy skill increases to level 6!
You need to enable at least one skill for training.
Your Dodging skill increases to level 2!
Your Unarmed Combat skill increases to level 1!
You have reached level 4!
You feel stronger.
Your demonic ancestry asserts itself...
A pair of antennae grows on your head!
You regained 3 hp, and now have 8/31 hp.
You now have 3/7 mp.
There is a lethal amount of poison in your body!
It was a potion of brilliance.
You feel clever all of a sudden.
* * * LOW HITPOINT WARNING * * *
You feel very sick.
You take 4 damage, and have 4/31 hp.
It was a potion of resistance.
You feel protected.
* * * LOW HITPOINT WARNING * * *
You feel very sick.
You take 3 damage, and have 1/31 hp.
There is a lethal amount of poison in your body!
You die...

..#............#
#.#.#.#.#....### ###
#.#.#..........###.#
###.#
#.#.#...#####....#.#
.[..# #...#.##..
#..#.#.# #.#
#.#.######.###.# .##
####.#.# #.#
..#.##.....# #.. ..
#.#.# #.#
#.#.##.#####
##########.#.#.# #.#
#.#.##.#
#.@.......#.#.# #.#
#.#....#
#.#######.#...###.#
#......# #.#
#######....#
#####.## #.#
#..........# #.#
#.######.#####.##.#
#.#
#.>...............#
..#
########........###
### ####.##### ###


There were no monsters in sight!

Vanquished Creatures
  A scorpion (D:2)
  An adder (D:2)
  A dart slug (D:1)
  5 ball pythons
  2 endoplasms
  A giant cockroach (D:2)
  3 goblins
  3 hobgoblins
  2 jackals (D:2)
  3 bats (D:1)
  A frilled lizard (D:2)
  2 kobolds (D:1)
  A rat (D:1)
26 creatures vanquished.

Vanquished Creatures (collateral kills)
  A hobgoblin (D:1)
  A goblin (D:2)
  A rat (D:1)
3 creatures vanquished.

Grand Total: 29 creatures vanquished

Notes
Turn   | Place    | Note
-------+----------+-------------------------------------------
     0 | D:1      | jasper the Demonspawn Necromancer began the quest for the
                  | Orb.
     0 | D:1      | Reached XP level 1. HP: 13/13 MP: 3/3
   318 | D:1      | You fall into a shaft and drop 1 floor!
   323 | D:2      | Discovered your monstrous ancestry.
   323 | D:2      | Gained mutation: Your touch may inflict minor irresistible
                  | damage on your foes. [demonic ancestry]
   323 | D:2      | Reached XP level 2. HP: 19/19 MP: 3/5
   399 | D:2      | Reached skill level 5 in Necromancy
   618 | D:1      | Gained mutation: Your demonic aura sometimes causes spilled
                  | blood to erupt in flames. [demonic ancestry]
   618 | D:1      | Reached XP level 3. HP: 24/24 MP: 3/6
   622 | D:1      | Learned a level 3 spell: Vampiric Draining
  1544 | D:2      | Noticed a scorpion
  1550 | D:2      | Killed a scorpion
  1551 | D:2      | Reached skill level 6 in Necromancy
  1551 | D:2      | Reached skill level 1 in Unarmed Combat
  1551 | D:2      | Gained mutation: You have a pair of small antennae on your
                  | head. [demonic ancestry]
  1551 | D:2      | Reached XP level 4. HP: 8/31 MP: 3/7
  1552 | D:2      | HP: 1/31 [poisoned by a scorpion]
  1553 | D:2      | Succumbed to a scorpion's poison

Illustrated notes

Levels and vault maps discovered:
D:1:      psy_arrival_fountain, layout_basic, serial_bayou_pond_b
D:2:      layout_basic

Skill      XL: |  1  2  3 |
---------------+----------+-----
Necromancy     | 5 6 |  6.0
Dodging        | 2 |  2.0
Unarmed Combat | 1 |  1.0
Fighting       | |  0.6
Stealth        | |  1.7
Spellcasting   | |  2.1

Action                     |  1- 3 |  4- 6 || total
---------------------------+-------+-------++-------
  Melee: Unarmed           |     5 |       ||     5
         Touch             |     1 |       ||     1
   Cast: Necrotise         |    49 |       ||    49
         Vampiric Draining |     1 |       ||     1
    Use: Potion            |     1 |     2 ||     3
  Dodge: Dodged            |    12 |       ||    12

Table legend: (Time is in decaauts)
 A = Elapsed time spent in this place.
 B = Non-inter-level travel time spent in this place.
 C = Inter-level travel time spent in this place.
 D = Time resting spent in this place.
 E = Time spent auto-exploring this place.
 F = Levels seen in this place.
 G = Mean time per level.
                   A        B        C        D        E       F      G
               +--------+--------+--------+--------+--------+-----+--------+
         Total |   1553 |   1488 |     65 |     70 |   1257 |   2 |  776.5 |
       Dungeon |   1553 |   1488 |     65 |     70 |   1257 |   2 |  776.5 |
               +--------+--------+--------+--------+--------+-----+--------+

Top non-repeatable levels by time:
     D:1: 1192 daAuts
     D:2: 360 daAuts
